 Dungeon Crawl Stone Soup version 0.25.0-11-g1f837a76a1 (webtiles) character file.

Game seed: 16585872447934087273

74 Lavandula the Shooter (level 3, -5/29 HPs)
             Began as a Demigod Hunter on June 24, 2020.
             Slain by Grinder (10 damage)
             ... on level 3 of the Dungeon.
             The game lasted 00:04:54 (847 turns).

Lavandula the Shooter (Demigod Hunter)               Turns: 847, Time: 00:04:54

Health: -5/29      AC:  4    Str: 15    XL:     3   Next: 86%
Magic:  5/5        EV: 12    Int: 15    God:
Gold:   40         SH:  0    Dex: 18    Spells: 2/2 levels left

rFire    + . .     SeeInvis +   a - +1 shortbow
rCold    . . .     Gourm    .   (shield currently unavailable)
rNeg     . . .     Faith    .   h - +0 leather armour {rF+}
rPois    .         Spirit   .   (no helmet)
rElec    .         Reflect  .   (no cloak)
rCorr    .         Harm     .   p - +0 pair of gloves
MR       .....                  (no boots)
Stlth    ++........             (no amulet)
HPRegen  0.09/turn              n - ring of see invisible
MPRegen  0.09/turn              (no ring)

@: mighty
A: high mp 1
a: no special abilities


You were on level 3 of the Dungeon.
You were not hungry.

You visited 1 branch of the dungeon, and saw 4 of its levels.

You collected 40 gold pieces.

Inventory:

Hand Weapons
 a - a +1 shortbow (weapon)
 b - a +0 short sword
Missiles
 d - 24 arrows (quivered)
Armour
 c - a +0 leather armour
 h - a +0 leather armour of fire resistance (worn)
 p - a +0 pair of gloves (worn)
Jewellery
 n - a ring of see invisible (left hand)
Scrolls
 e - a scroll of identify
 m - 2 scrolls of teleportation
Potions
 i - a potion of flight
 j - a potion of curing {unknown}
 k - 2 potions of stabbing
 o - 2 potions of haste {unknown}
 q - a potion of cancellation {unknown}
 r - a potion of brilliance {unknown}
Comestibles
 f - 4 rations


   Skills:
 - Level 1.7 Fighting
 + Level 5.2 Bows
 - Level 1.7 Dodging
 - Level 0.8 Stealth


You had 2 spell levels left.
You didn't know any spells.
Your spell library was empty.

Dungeon Overview and Level Annotations

Branches:
Dungeon (4/15)
 Temple: D:4-7

Annotations:
D:3 Grinder
D:4 Natasha


Innate Abilities, Weirdness & Mutations

You have an increased reservoir of magic. (+10% MP)


Message History

* * * LOW HITPOINT WARNING * * *
Unknown command.
Firing (i - inventory)
d - 27 arrows (quivered)
Press: ? - help, Shift-Dir - straight line, f/p - Grinder
Aim: Grinder (moderately wounded)
You shoot an arrow. The arrow hits Grinder.
Grinder is heavily wounded.
Grinder closely misses you.
Firing (i - inventory)
d - 26 arrows (quivered)
Press: ? - help, Shift-Dir - straight line, f/p - Grinder
Aim: Grinder (heavily wounded)
You shoot an arrow. The arrow hits Grinder!
Grinder is severely wounded.
Grinder gestures at you. You resist with significant effort.
Firing (i - inventory)
d - 25 arrows (quivered)
Press: ? - help, Shift-Dir - straight line, f/p - Grinder
Aim: Grinder (severely wounded)
You shoot an arrow. The arrow closely misses Grinder.
Grinder hits you!
You die...

#.#. #.. .. ..# #.#.
#.# #####. #.# #.#.
#.###...#. #.# #.#.
##.##...... #.#
#.#.##.#[#...... #.#
#.#.#.###....... #.#
#(#..## ##....#.
###.####.###.###....##.
#...).@5..(##[#.######.
#)#.####.#.###..# #.
#.#.# #.#.# ##.# #.
#.#.## #.#.# #.# ##
#....# #.#.####.####
#....# #...........#
#....# ###.####.##.####
#.##.# .# #........
#.##.# ##.....#.


You could see Grinder.

Vanquished Creatures
  An orc priest (D:3)
  An ooze (D:1)
  A worm (D:2)
  2 leopard geckos
  2 orcs (D:3)
  3 bats (D:2)
  A giant cockroach (D:2)
  4 goblins
  3 hobgoblins
  4 jackals (D:3)
  2 kobolds
  3 quokkas
  A frilled lizard (D:1)
  5 rats
33 creatures vanquished.

Notes
Turn   | Place    | Note
-------+----------+-------------------------------------------
     0 | D:1      | Lavandula the Demigod Hunter began the quest for the Orb.
     0 | D:1      | Reached XP level 1. HP: 17/17 MP: 3/3
    73 | D:1      | Reached skill level 4 in Bows
    73 | D:1      | Reached XP level 2. HP: 22/24 MP: 4/4
   595 | D:3      | Reached XP level 3. HP: 29/29 MP: 5/5
   784 | D:3      | Reached skill level 5 in Bows
   836 | D:4      | Noticed Grinder
   836 | D:4      | Noticed Natasha
   841 | D:3      | Paralysed by Grinder for 3 turns
   847 | D:3      | Slain by Grinder

Illustrated notes

Levels and vault maps discovered:
D:1:      minmay_arrival_wavy_path, layout_loops_corners
D:2:      layout_basic, serial_forest, infiniplex_forest_clump_long,
          infiniplex_forest_lined_2, infiniplex_forest_corner_2,
          infiniplex_forest_clump_diagonal, infiniplex_forest_3_way,
          infiniplex_forest_clump_curved, infiniplex_forest_pool
D:3:      layout_loops_ring, gammafunk_temple_overflow_pools, first_ration
D:4:      layout_basic, uniq_grinder, uniq_natasha

Skill      XL: |  1  2  3 |
---------------+----------+-----
Bows           | 4 5 |  5.2
Fighting       | |  1.7
Dodging        | |  1.7
Stealth        | |  0.8

Action                   || total
-------------------------++-------
Melee: Short sword       ||     5
 Fire: Shortbow          ||    92
  Use: Scroll            ||     4
       Potion            ||     1
Armor: Leather armour    ||     3
Dodge: Dodged            ||    21
